AoeStats
← Zumoshi

Arabia

509601063Analyzed
1v1 RM · 6d ago on Sep 27, 2026· 50m 21s· 2 players
Game mode
Random Map
Map size
Tiny (2 player)
Population
200
Speed
Normal
Resources
Standard
Victory
Conquest
Starting age
Dark Age
Ending age
Imperial Age
RankedLock teamsTeams togetherTeam positionsShared explorationLock speedFull tech treeHidden civsTurbo modeCheats
Victory
Defeat
🇮🇱 Magyars · Israel
1161
+15
🇷🇺 Danes · Russia
1140
-15
jileh9
0:32 Loom
10:18 Feudal Age
19:15 Castle Age
17:56 Forging
17:47 Scale Mail Armor
17:59 Double-Bit Axe
19:14 Fletching
19:30 Scale Barding Armor
19:22 Town Watch
27:37 Wheelbarrow
26:50 Pikeman
31:39 Elite Skirmisher
33:37 Bodkin Arrow
39:04 Imperial Age
40:31 Squires
40:17 Gambesons
44:39 Chain Mail Armor
47:15 Halberdier
48:58 Arson
Zumoshi
7:25 Loom
9:55 Feudal Age
10:34 Double-Bit Axe
13:51 Horse Collar
21:25 Castle Age
20:07 Bloodlines
20:08 Gold Mining
20:18 Fletching
20:50 Padded Archer Armor
22:16 Bodkin Arrow
22:33 Bow Saw
23:51 Wheelbarrow
24:00 Husbandry
28:41 Ballistics
28:37 Light Cavalry
29:36 Leather Archer Armor
37:14 Hand Cart
36:45 Town Watch
37:03 Heavy Plow
38:09 Corvinian Army
38:15 Stone Mining
39:16 Thumb Ring
44:04 Imperial Age
42:25 Murder Holes
42:42 Masonry
42:13 Treadmill Crane
42:43 Scale Barding Armor
43:40 Town Patrol
44:56 Chain Barding Armor
44:49 Bracer
45:18 Parthian Tactics
44:51 Heavy Cavalry Archer
46:48 Plate Barding Armor
46:45 Ring Archer Armor
46:19 Recurve Bow
46:40 Conscription
47:30 Chemistry
47:43 Two-Man Saw
47:20 Crop Rotation
46:57 Elite Magyar Huszar
Connection lost

Rejoining the realm…

Still unreachable

The connection could not be restored.

Session expired

The server has moved on; the page needs a fresh start.